[Event "Late-Titled-Tuesday-Blitz-October-24-2023"]
[Site "Chess.com"]
[Date "2023.10.24"]
[Round "6"]
[White "rdarruda"]
[Black "louis198"]
[Result "0-1"]
[WhiteElo "2538"]
[BlackElo "2659"]
[TimeControl "180+1"]
[EndTime "15:06:27 PDT"]
[Termination "louis198 won by resignation"]

1. d4 Nf6 2. Nf3 d6 3. g3 g6 4.
Bg2 Bg7 5. O-O O-O 6. Nc3 c6 7.
e4 Nfd7 8. h3 e5 9. Be3 b6 10. Qd2 Ba6 11. Rfe1 Re8 12. Bh6 Bh8 13. Rad1 Qc7 14. a4 Nf6 15. dxe5 dxe5 16. Qd6 Qxd6 17.
Rxd6 Bb7 18. Bf1 Nbd7 19. Red1 Nc5 20. Re1 a5 21. Bg5 Nfd7 22. Red1 Nf8 23. Bc4 Bg7 24. Bf6 Rac8 25. Ng5 Rc7 26. b3 h6 27. Bxg7 Kxg7 28.
Nf3 f6 29. Kg2 Ree7 30. Rd8 Red7 31. R8xd7+ Rxd7 32.
Rxd7+ Nfxd7 33. Nd2 f5 34. f3 Kf6 35. Bg8 Ba6 36.
Bc4 Bb7 37. Kf2 h5 38. h4 Ne6 39. Bxe6 Kxe6 40. Nc4 Ba6 41. Ne3 Nc5 42. exf5+ gxf5 43. f4 exf4 44. gxf4 b5 45. Kf3 b4 46. Ncd1 Ne4 47.
Nf2 Nd2+ 48. Kg2 c5 49. Nd3 Bxd3 50. cxd3 Nxb3 51. Nc4 Kd5 52. Ne3+ Ke6 53. Nc4 Nc1 54. Nxa5 Nxd3 55. Nc4 b3 56. a5 Nb4 57. Kf3 Kd5 58. Ne3+ Kc6 59. Nc4 Kb5 60. Na3+ Kxa5 61. Ke3 Nc2+ 62.
Nxc2 bxc2 63. Kd2 Kb4 0-1

[Event "Late-Titled-Tuesday-Blitz-October-24-2023"]
[Site "Chess.com"]
[Date "2023.10.24"]
[Round "6"]
[White "ArturoCaceres"]
[Black "PushingpawnsNYC"]
[Result "0-1"]
[WhiteElo "2470"]
[BlackElo "2355"]
[TimeControl "180+1"]
[EndTime "15:06:27 PDT"]
[Termination "PushingpawnsNYC won on time"]

1. b3 d5 2. Bb2 Nc6 3. e3 a6 4. Ne2 e5 5. d3 Nf6 6. Nd2 Bd6 7. g3 O-O 8. Bg2 Be6 9. O-O Qd7 10. e4 d4 11. Nc4 Bh3 12. Nxd6 cxd6 13. Qd2 b5 14. c3 dxc3 15. Bxc3 Bxg2 16. Kxg2 d5 17. f3 Rac8 18. Rac1 Rfd8 19. Rfd1 h5 20. Qg5 d4 21. Be1 Qe7 22.
g4 hxg4 23. fxg4 Qe6 24. h3 Ne7 25. Ng3 Ng6 26. Bd2 Rxc1 27. Rxc1 Rc8 28. Nf5 Rxc1 29.
Bxc1 Nh7 30. Qd8+ Nhf8 31. Ba3 Qd7 32. Qa8 Qc7 33. Kg3 Qc2 34. Ne7+ Kh7 35. Nf5 Qxd3+ 36.
Kf2 Qd2+ 37. Kf1 Qd1+ 38. Kf2 d3 39. Qd5 Qe2+ 0-1

[Event "Late-Titled-Tuesday-Blitz-October-24-2023"]
[Site "Chess.com"]
[Date "2023.10.24"]
[Round "6"]
[White "Lennis93"]
[Black "Beca95"]
[Result "0-1"]
[WhiteElo "2765"]
[BlackElo "2926"]
[TimeControl "180+1"]
[EndTime "15:06:29 PDT"]
[Termination "Beca95 won on time"]

1. e4 c5 2. Nf3 d6 3. d4 cxd4 4.
Nxd4 Nf6 5. Nc3 a6 6. Bg5 Nbd7 7. Qf3 h6 8. Be3 g6 9. O-O-O e5 10. Nb3 b5 11. h3 Bb7 12. a3 Rc8 13. Nd5 Nxd5 14.
exd5 Bg7 15. g4 O-O 16. Bd3 Nf6 17. Be4 Nxe4 18. Qxe4 f5 19. gxf5 gxf5 20. Qb4 Rc4 21. Qa5 Qc8 22. c3 f4 23. Ba7 Bf6 24. Rhg1+ Kh7 25.
Qb6 Rxc3+ 26. Kb1 Rxb3 27. Rc1 Qf5+ 28. Ka2 Bxd5 29. Qxd6 Rd3+ 30. Ka1 Rf7 31. Rc7 Bg7 32. Bc5 Rxc7 33. Qxc7 Qf7 34. Qb6 e4 35. Qxa6 e3 36.
fxe3 fxe3 37. Qxb5 Bc4 38. Qc6 e2 39. Qe4+ Kh8 40.
Qa8+ Qg8 41. Qe4 Rd1+ 0-1

[Event "Late-Titled-Tuesday-Blitz-October-24-2023"]
[Site "Chess.com"]
[Date "2023.10.24"]
[Round "6"]
[White "Emeraldddd"]
[Black "Gogolev_Artemy"]
[Result "1/2-1/2"]
[WhiteElo "2606"]
[BlackElo "2426"]
[TimeControl "180+1"]
[EndTime "15:06:29 PDT"]
[Termination "Game drawn by repetition"]

1. e4 c5 2. Nf3 d6 3. Bb5+ Nd7 4.
O-O Nf6 5. Re1 a6 6. Bf1 e6 7.
c3 b6 8. d4 cxd4 9. cxd4 d5 10. e5 Ne4 11. Bd3 Bb7 12. Bxe4 dxe4 13. Bg5 f6 14. exf6 gxf6 15. Bh4 exf3 16. Rxe6+ Be7 17.
d5 Nc5 18. Qxf3 Nxe6 19. Qh5+ Kd7 20. dxe6+ Kc7 21. Bg3+ Bd6 22. Qf7+ Kb8 23. e7 Qd7 24. Bxd6+ Qxd6 25. e8=Q+ Rxe8 26. Qxe8+ Ka7 27. Qe2 Rg8 28. f3 Qd4+ 29. Qf2 Qd1+ 30. Qf1 Qd4+ 31. Qf2 Qd1+ 32.
Qf1 Qxf3 33. Qxf3 Bxf3 34. g3 Rd8 35. Nc3 Rd2 36. Rf1 Rg2+ 37. Kh1 Rf2+ 38. Kg1 Rg2+ 39.
Kh1 Rf2+ 40. Kg1 Rg2+ 1/2-1/2

[Event "Late-Titled-Tuesday-Blitz-October-24-2023"]
[Site "Chess.com"]
[Date "2023.10.24"]
[Round "6"]
[White "karinachess1"]
[Black "JackRodgers"]
[Result "0-1"]
[WhiteElo "2624"]
[BlackElo "2528"]
[TimeControl "180+1"]
[EndTime "15:06:30 PDT"]
[Termination "JackRodgers won by resignation"]

1. d4 Nf6 2. c4 c5 3. d5 e5 4.
Nc3 d6 5. e4 Be7 6. Nf3 Nbd7 7.
Be2 Nf8 8. O-O Ng6 9. Ne1 O-O 10.
Nd3 a6 11. a4 h6 12. a5 Rb8 13. g3 Bh3 14. Re1 Nh7 15. f4 exf4 16. gxf4 Bh4 17.
Be3 Bxe1 18. Qxe1 Bd7 19. f5 Ne7 20. Qg3 Bxf5 21. exf5 Nxf5 22. Qf2 Nxe3 23. Qxe3 Re8 24.
Qg3 Qg5 25. Qxg5 Nxg5 26. Kf2 Ne4+ 27. Nxe4 Rxe4 28. b3 Rbe8 29. Re1 g6 30. Bf3 Rxe1 31. Nxe1 f5 32. Nd3 g5 33. h3 Kg7 34. b4 cxb4 35. Nxb4 Kf6 36. Nd3 Rc8 37. Nb2 Ke5 38. Ke3 f4+ 39. Kd3 Rc5 40. Kc3 Rxa5 41. Nd3+ Kf6 42.
Kd4 b6 43. Nf2 Ra3 44. Ne4+ Ke7 45. Bg4 a5 46. Nc3 Ra1 47. Nb5 a4 48. Kc3 Rh1 49.
Nd4 h5 50. Bxh5 Rxh3+ 51. Bf3 g4 52. Kb4 gxf3 53. Nf5+ Kf6 0-1

[Event "Late-Titled-Tuesday-Blitz-October-24-2023"]
[Site "Chess.com"]
[Date "2023.10.24"]
[Round "6"]
[White "HamedWafa4"]
[Black "Kostukov_Alex"]
[Result "1-0"]
[WhiteElo "2603"]
[BlackElo "2427"]
[TimeControl "180+1"]
[EndTime "15:06:32 PDT"]
[Termination "HamedWafa4 won on time"]

1. e4 c5 2. Nc3 g6 3. d4 cxd4 4. Qxd4 Nf6 5. Bb5 a6 6. Ba4 b5 7. Bb3 Nc6 8. Qe3 Bg7 9. Nf3 O-O 10. O-O b4 11. Nd5 e6 12. Nxf6+ Qxf6 13. Qe2 Bb7 14. Rd1 Bc8 15. c3 h6 16. c4 a5 17. Ba4 Qe7 18. Bf4 e5 19. Be3 Bb7 20. Qd3 Nb8 21. Bc2 Ra6 22. Qd2 d6 23. Bxh6 Nd7 24. Bxg7 Kxg7 25.
a3 bxa3 26. Rxa3 Rfa8 27. Rda1 Nc5 28. Rxa5 Rxa5 29. Rxa5 Rxa5 30. Qxa5 Nxe4 31. Qe1 Nc5 32. b4 Ne6 33. c5 Bxf3 34. gxf3 Nd4 35. Be4 dxc5 36. b5 Nxb5 37. Qa1 Nd4 38. Qc1 Qh4 39.
Qxc5 1-0

[Event "Late-Titled-Tuesday-Blitz-October-24-2023"]
[Site "Chess.com"]
[Date "2023.10.24"]
[Round "6"]
[White "baag"]
[Black "TanitoluwaAps116"]
[Result "1-0"]
[WhiteElo "2866"]
[BlackElo "2655"]
[TimeControl "180+1"]
[EndTime "15:06:35 PDT"]
[Termination "baag won by resignation"]

1. d4 Nf6 2. c4 e6 3. Nc3 Bb4 4. f3 c5 5. d5 b5 6. e4 bxc4 7. Bxc4 exd5 8. Bxd5 Nxd5 9. Qxd5 Nc6 10. Ne2 Ba6 11. a3 Bxc3+ 12. Nxc3 O-O 13. Qxc5 Rc8 14. Be3 d6 15. Qg5 Qc7 16. Kf2 Ne5 17. Rhd1 f6 18. Qg3 Rb8 19. Kg1 Rxb2 20. Nd5 Qc2 21. Bd4 Rb7 22.
Rac1 Qe2 23. Nc3 Qc4 24. Nd5 Qe2 25. Nf4 Qa2 26. Ra1 Qf7 27. Nd5 Bc4 28. Ne3 Be6 29. Rac1 Rd8 30. f4 Nc4 31. f5 Nxe3 32. fxe6 Qxe6 33.
Qxe3 Rb3 34. Rc3 Rb2 35. Rcd3 Ra2 36. Bc5 Rd7 37. Rxd6 Rxd6 38. Bxd6 Qc4 39. Qf3 Qc2 40. Rf1 Qd2 41. e5 Qd4+ 42. Kh1 Kf7 43. Qh5+ Ke6 44.
Qe8+ Kd5 45. Qf7+ Kc6 46. Qxa2 1-0

[Event "Late-Titled-Tuesday-Blitz-October-24-2023"]
[Site "Chess.com"]
[Date "2023.10.24"]
[Round "6"]
[White "SlippperyWhenWet"]
[Black "esskeettit"]
[Result "1-0"]
[WhiteElo "2361"]
[BlackElo "2478"]
[TimeControl "180+1"]
[EndTime "15:06:35 PDT"]
[Termination "SlippperyWhenWet won by resignation"]

1. e4 c5 2. Nf3 Nc6 3. d4 cxd4 4. Nxd4 g6 5. c4 Nf6 6. Nc3 d6 7. f3 Nxd4 8. Qxd4 Bg7 9. Be3 O-O 10. Qd2 Qa5 11.
Be2 Be6 12. Rc1 Rfc8 13. b3 a6 14. Na4 Qxd2+ 15. Kxd2 Nd7 16. g4 f5 17. gxf5 gxf5 18. Rhg1 Kh8 19. exf5 Bxf5 20. f4 Rd8 21. Bd3 Bxd3 22.
Kxd3 b5 23. Nb6 Nxb6 24. Bxb6 Rf8 25. Ke4 Rf7 26. Be3 bxc4 27. Rxc4 e6 28. Rc6 d5+ 29. Kd3 e5 30. fxe5 Bxe5 31. Rg5 Bg7 32. Rd6 Re8 33. Rg3 Be5 34. Bd4 Bxd4 35. Kxd4 Rf2 36. a4 Rd2+ 37. Rd3 Rxh2 38. Rxa6 Rh4+ 39. Kxd5 Rd8+ 40. Rd6 Rb8 41. Kc5 Rh5+ 42. R6d5 Rh1 43. Rd8+ Rxd8 44. Rxd8+ Kg7 45. a5 h5 46. a6 Ra1 47. Kb6 h4 48. a7 h3 49. a8=Q 1-0

[Event "Late-Titled-Tuesday-Blitz-October-24-2023"]
[Site "Chess.com"]
[Date "2023.10.24"]
[Round "6"]
[White "venturov"]
[Black "twitchTriniCupid"]
[Result "1-0"]
[WhiteElo "2501"]
[BlackElo "2333"]
[TimeControl "180+1"]
[EndTime "15:06:37 PDT"]
[Termination "venturov won by checkmate"]

1. e4 c6 2. Nc3 d5 3. d4 dxe4 4. Nxe4 Bf5 5. Ng3 Bg6 6. Bc4 e6 7. f4 Bd6 8. Nf3 Nf6 9. O-O O-O 10. c3 c5 11. Kh1 cxd4 12. Nxd4 Nc6 13. Be3 Nxd4 14.
Bxd4 Qc7 15. Bb3 Bxf4 16. Bxf6 Bxg3 17. Bxg7 Kxg7 18. hxg3 Qxg3 19. Qd4+ e5 20. Qd6 f5 21. Rf3 Qh4+ 22. Rh3 Qf6 23. Qc7+ Kh8 24. Qxb7 a5 25.
Rd1 Rab8 26. Qc7 Rbc8 27. Qxa5 Rfd8 28. Rhd3 Rxd3 29. Rxd3 f4 30. Rd1 f3 31. gxf3 Qxf3+ 32. Kg1 Qg3+ 33. Kf1 Bf5 34. Ke2 Bg4+ 35. Kd2 Bxd1 36.
Bxd1 Qf4+ 37. Kc2 Qf5+ 38. Kb3 Rb8+ 39. Ka3 Qf8+ 40. b4 Qd8 41. Qxe5+ Kg8 42. Bb3+ Kf8 43. Qf5+ Ke8 44. Qf7# 1-0

[Event "Late-Titled-Tuesday-Blitz-October-24-2023"]
[Site "Chess.com"]
[Date "2023.10.24"]
[Round "6"]
[White "kinghunter183"]
[Black "taleslascando"]
[Result "0-1"]
[WhiteElo "2079"]
[BlackElo "1998"]
[TimeControl "180+1"]
[EndTime "15:06:37 PDT"]
[Termination "taleslascando won on time"]

1. b3 Nf6 2. Bb2 g6 3. d3 Bg7 4. Nd2 O-O 5. e4 d5 6. e5 Ng4 7. f4 d4 8. Ngf3 Ne3 9. Qc1 c5 10. Nc4 Nd5 11. Be2 b5 12. Na3 a6 13. O-O Nc6 14. c4 dxc3 15. Bxc3 b4 16. Bb2 bxa3 17. Bxa3 Nd4 18. Nxd4 cxd4 19. Bf3 Rb8 20. Qc5 Ne3 21. Rfc1 Bf5 22. Qxe7 Bxd3 23. Qc7 Bb5 24. Bxf8 Qxf8 25. Qd6 Qxd6 26. exd6 Rd8 27. Rab1 Rxd6 28. Rc8+ Bf8 29. Rbc1 Kg7 30. R1c7 d3 31. Ra7 d2 32. Rcc7 Be8 33.
Rc8 d1=Q+ 34. Bxd1 Rxd1+ 35. Kf2 Ng4+ 36. Kg3 h5 37.
Rcc7 Bd6 38. Rc8 Bb5 39. Rca8 Rd3+ 0-1

[Event "Late-Titled-Tuesday-Blitz-October-24-2023"]
[Site "Chess.com"]
[Date "2023.10.24"]
[Round "6"]
[White "bylavochka"]
[Black "DvaHrasta"]
[Result "0-1"]
[WhiteElo "2341"]
[BlackElo "2494"]
[TimeControl "180+1"]
[EndTime "15:06:38 PDT"]
[Termination "DvaHrasta won on time"]

1. e4 c6 2. d4 d5 3. Nc3 dxe4 4. Nxe4 Nf6 5. Nxf6+ exf6 6. Nf3 Bd6 7. Be2 O-O 8.
O-O Bg4 9. h3 Bh5 10. Ne1 Bg6 11.
Bd3 Nd7 12. Bxg6 hxg6 13. Nd3 Qc7 14. c3 f5 15. Qf3 Nf6 16. Bf4 Ne4 17. Rad1 Rfe8 18.
Bxd6 Qxd6 19. Ne5 a5 20. Qd3 b5 21. Rfe1 a4 22. c4 b4 23. c5 Qd5 24. Nc4 Rab8 25. Qc2 b3 26. axb3 axb3 27. Qd3 Red8 28. Nb6 Qe6 29. Qe3 Qf6 30. Qxb3 g5 31. Qc4 Qg6 32.
d5 cxd5 33. Rxd5 g4 34. Red1 Re8 35. hxg4 Qxg4 36. Qc2 Nxc5 37. Rxc5 Rxb6 38. f3 Qf4 39. Rc8 Re6 40. Rxe8+ Rxe8 41. Qd2 Qb8 42. b4 Qb6+ 43. Kh2 g6 44. Qd6 Qf2 45. Qg3 Qc2 0-1

[Event "Late-Titled-Tuesday-Blitz-October-24-2023"]
[Site "Chess.com"]
[Date "2023.10.24"]
[Round "6"]
[White "NotFischer"]
[Black "cthulhuuu"]
[Result "0-1"]
[WhiteElo "2249"]
[BlackElo "2424"]
[TimeControl "180+1"]
[EndTime "15:06:39 PDT"]
[Termination "cthulhuuu won on time"]

1. e4 d6 2. d4 Nf6 3. Nc3 c6 4. a4 e5 5. Nge2 Be7 6. g3 O-O 7.
Bg2 a5 8. O-O Nbd7 9. h3 Qc7 10.
Be3 Re8 11. Re1 Bf8 12. f4 b6 13. Qd2 Bb7 14. fxe5 dxe5 15. d5 Nc5 16. g4 Rad8 17. Ng3 cxd5 18. Nxd5 Nxd5 19. exd5 e4 20. Bf4 Bd6 21.
Bxd6 Qxd6 22. Nf5 Qxd5 23. Qg5 Qe5 24. Rad1 Rxd1 25. Rxd1 g6 26. Nh6+ Kg7 27. Nf5+ Kh8 28.
Rd8 gxf5 29. Rxe8+ Qxe8 30. Qf6+ Kg8 31. Qg5+ Kf8 32.
Qh6+ Ke7 33. Qg5+ f6 34. Qxf5 Qf7 35. b3 Kf8 36. Kf1 Kg7 37. h4 Qe6 38. Qf4 Qe5 39. Qf2 Bd5 40. Qd2 Ne6 41. h5 Qf4+ 42.
Qxf4 Nxf4 0-1

[Event "Late-Titled-Tuesday-Blitz-October-24-2023"]
[Site "Chess.com"]
[Date "2023.10.24"]
[Round "6"]
[White "Thjop"]
[Black "Tonychess32"]
[Result "0-1"]
[WhiteElo "2626"]
[BlackElo "2534"]
[TimeControl "180+1"]
[EndTime "15:06:41 PDT"]
[Termination "Tonychess32 won by resignation"]

1. e4 b6 2. d4 e6 3. c4 Bb7 4. Bd3 d6 5. Ne2 Nd7 6. Nbc3 g6 7. h4 h5 8. f3 Bg7 9. Be3 Ne7 10. Qd2 a6 11. a4 c6 12. b4 Qc7 13. Kf2 c5 14. bxc5 dxc5 15. d5 exd5 16. exd5 Ne5 17. Ng3 Nxd3+ 18.
Qxd3 Rd8 19. Rad1 Be5 20. Nge4 O-O 21. Ng5 Bg3+ 22. Kf1 Nf5 23. Nce4 Qe5 24. Bd2 f6 25. Bc3 Nd4 26. Bxd4 cxd4 27. Nxg3 fxg5 28. Ne4 g4 29.
Qxd4 Qxd4 30. Rxd4 gxf3 31. g3 b5 32. axb5 axb5 33.
Nc5 bxc4 34. Nxb7 Rb8 35. Kf2 Rxb7 36. Rhd1 Rb2+ 37. R1d2 Rxd2+ 38. Rxd2 c3 39. Rc2 Rf5 40. Rxc3 Rxd5 41. Kxf3 Kg7 42. Ke4 Rd7 43. Rc6 Rf7 44. Re6 Rc7 45. Kf4 Rc4+ 46. Kf3 Rc3+ 47. Kg2 Rc7 48. Ra6 Rf7 49. Ra5 Re7 50. Kf3 Rf7+ 51. Ke4 Re7+ 52. Kf4 Rf7+ 53. Kg5 Rc7 54. Re5 Rb7 55. Rd5 Rc7 56. Rd6 Rc5+ 57. Kf4 Rf5+ 58. Ke4 Rf7 59. Re6 Rf1 60. Re7+ Kf6 61. Re8 Re1+ 0-1

[Event "Late-Titled-Tuesday-Blitz-October-24-2023"]
[Site "Chess.com"]
[Date "2023.10.24"]
[Round "6"]
[White "randy296"]
[Black "Gyulamiryan-koryun"]
[Result "1-0"]
[WhiteElo "2073"]
[BlackElo "1934"]
[TimeControl "180+1"]
[EndTime "15:06:41 PDT"]
[Termination "randy296 won on time"]

1. e4 e5 2. Nf3 Nc6 3. Bb5 a6 4. Ba4 Nf6 5. O-O Be7 6. Re1 b5 7. Bb3 O-O 8. h3 d6 9. c3 Rb8 10. d4 Na5 11. Bc2 exd4 12. cxd4 Bb7 13. d5 Nc4 14.
Nc3 Ne5 15. Nxe5 dxe5 16. Be3 c5 17. Ne2 Qd6 18. Ng3 Bc8 19. Rc1 Bd7 20. Nh5 g6 21. Nxf6+ Bxf6 22. Qf3 Bg7 23. b3 Rbc8 24. Bd3 f5 25.
exf5 Bxf5 26. Bxf5 Rxf5 27. Qe4 c4 28. bxc4 bxc4 29.
Rxc4 Rxc4 30. Qxc4 h6 31. Bc5 Qf6 32. d6+ Kh7 33. Qxa6 e4 34. Qc4 Qd8 35. Rxe4 h5 36.
Re7 Qa5 37. Bd4 Re5 38. Rxg7+ Kxg7 39. Bxe5+ Qxe5 40. Qd3 Qe1+ 41. Kh2 Qe5+ 42. Qg3 Qe6 43. Qf4 Qd7 44. Qe5+ 1-0

[Event "Late-Titled-Tuesday-Blitz-October-24-2023"]
[Site "Chess.com"]
[Date "2023.10.24"]
[Round "6"]
[White "The_Sherman_Variation"]
[Black "BardArtem"]
[Result "0-1"]
[WhiteElo "2568"]
[BlackElo "2705"]
[TimeControl "180+1"]
[EndTime "15:06:44 PDT"]
[Termination "BardArtem won by resignation"]

1. e4 e5 2. Nf3 Nc6 3. Bb5 Nge7 4. Nc3 Ng6 5. d4 exd4 6. Nxd4 Bc5 7. Nb3 Bb6 8. O-O O-O 9. Nd5 d6 10. Nxb6 axb6 11.
f4 f5 12. exf5 Bxf5 13. c3 Kh8 14. Be3 Na5 15. Qd2 Bd7 16. Bd3 Bf5 17. Nd4 Bxd3 18. Qxd3 Qd7 19. h3 Nc6 20. a3 Nxd4 21. Qxd4 Ra4 22. b4 Raa8 23. Qd3 Qf5 24. Qxf5 Rxf5 25.
g4 Rff8 26. f5 Ne5 27. Bd4 Nc4 28. a4 Kg8 29. Rae1 c5 30. Bf2 Nd2 31. Re7 Nxf1 32. Kxf1 Rf7 33. Re6 cxb4 34. cxb4 Rxa4 35. Bg3 h5 36.
Bxd6 hxg4 37. hxg4 Ra2 38. Kg1 Rd7 39. g5 Rd8 40. g6 Rd2 41. Bf4 Rb2 42. Bd6 Rd2 43. Bf4 Rc2 44. Re1 Rc4 45. Bd6 Rd4 46. Be7 Re8 47. Re6 Rd7 48. Bg5 Rxe6 49. fxe6 Rd1+ 50. Kf2 Kf8 51. Kf3 Ke8 52. Ke4 Rg1 53. Kf5 Rb1 54. Bd2 Rb3 55. Bh6 gxh6 0-1

[Event "Late-Titled-Tuesday-Blitz-October-24-2023"]
[Site "Chess.com"]
[Date "2023.10.24"]
[Round "6"]
[White "Elsa167"]
[Black "Alex_Sahakyan2006"]
[Result "0-1"]
[WhiteElo "2887"]
[BlackElo "2757"]
[TimeControl "180+1"]
[EndTime "15:06:45 PDT"]
[Termination "Alex_Sahakyan2006 won on time"]

1. d4 Nf6 2. c4 e6 3. Nf3 b6 4. Bf4 Bb7 5. e3 Be7 6. Nc3 O-O 7. Bd3 d5 8. cxd5 Nxd5 9. Nxd5 Bxd5 10. O-O c5 11. dxc5 bxc5 12. Qc2 h6 13. Rfd1 Qb6 14. Ne5 Bf6 15. Bh7+ Kh8 16. Be4 Nc6 17. Bxd5 Nb4 18.
Qe2 Nxd5 19. Nc4 Qb5 20. Rac1 Nxf4 21. exf4 Rad8 22. b3 Qa6 23. g3 Bd4 24. Kg2 Rd5 25. Rd2 Rfd8 26. Rcd1 Kg8 27. Rd3 Qb5 28. h4 h5 29.
R1d2 a5 30. Ne5 g6 31. a4 Qb7 32.
Nf3 Bc3 33. Rxd5 exd5 34. Rd3 d4 35. Qc2 Rb8 36. Kh2 Qxb3 37. Qe2 Qb2 38. Qf1 Qa2 39. Rd1 Rb2 40. Kg2 Qxa4 41. Ng5 Qc6+ 42. Kh3 Qd7+ 43. Kh2 Qd5 44. Qg2 Qxg2+ 45. Kxg2 a4 46. Ra1 Rxf2+ 0-1

[Event "Late-Titled-Tuesday-Blitz-October-24-2023"]
[Site "Chess.com"]
[Date "2023.10.24"]
[Round "6"]
[White "Maitreia"]
[Black "Semetey"]
[Result "1-0"]
[WhiteElo "2642"]
[BlackElo "2518"]
[TimeControl "180+1"]
[EndTime "15:06:46 PDT"]
[Termination "Maitreia won on time"]

1. c4 a6 2. Nc3 c6 3. a4 d5 4. Nf3 dxc4 5. a5 Be6 6. g3 Nf6 7. Bg2 h6 8. O-O g6 9. d4 cxd3 10.
exd3 Bg7 11. Re1 O-O 12. Rxe6 fxe6 13. Qb3 Qc8 14. Bf4 Nd5 15. Be5 Nd7 16. Bxg7 Kxg7 17.
Ne4 e5 18. Re1 Qc7 19. Qa3 Rf7 20. d4 Re8 21. dxe5 Nxe5 22. Nd4 Kh7 23. Ne6 Qc8 24. N6g5+ hxg5 25. Nxg5+ Kg7 26. Rxe5 Rf5 27. Ne6+ Kg8 28. Re2 Qd7 29. Bh3 Rf6 30. Ng5 Qd6 31. Qb3 Rb8 32.
Ne4 Qe5 33. Nxf6+ Qxf6 34. Be6+ Kf8 35. Bxd5 cxd5 36. Qxd5 Qf7 37. Qe5 Rc8 38. Re4 Kg8 39. Qxe7 Qxe7 40. Rxe7 Rc5 41. Rxb7 Rxa5 42. b4 Ra3 43. h4 Rb3 44. Rb6 Kg7 45. Kg2 Kh6 46.
g4 Kg7 47. f3 Rb2+ 48. Kg3 Rb1 49. Rb7+ Kf6 50. Kf4 Rc1 51. Rb6+ Kf7 52. Kg5 Rc4 53. Rxa6 Rxb4 54. Rf6+ Kg7 55. Rxg6+ Kh7 56. f4 Rb5+ 57. f5 Rb4 58. h5 Ra4 59. Rh6+ Kg7 60. Rb6 Kh7 61.
Rb7+ Kh8 62. h6 Ra8 63. Kh5 1-0

[Event "Late-Titled-Tuesday-Blitz-October-24-2023"]
[Site "Chess.com"]
[Date "2023.10.24"]
[Round "6"]
[White "Jospem"]
[Black "Byniolus"]
[Result "1-0"]
[WhiteElo "3076"]
[BlackElo "2803"]
[TimeControl "180+1"]
[EndTime "15:06:49 PDT"]
[Termination "Jospem won by resignation"]

1. e4 d5 2. exd5 Nf6 3. Nf3 Nxd5 4.
d4 Bg4 5. h3 Bh5 6. Be2 e6 7.
O-O Nc6 8. c3 Be7 9. Nbd2 O-O 10.
Nc4 Re8 11. Re1 Nb6 12. Nce5 Nxe5 13. Nxe5 Bxe2 14. Qxe2 Nd7 15. Nf3 c6 16. Bf4 Nf6 17. c4 Qa5 18. Red1 b5 19. b3 bxc4 20. bxc4 Qa6 21.
Rac1 c5 22. Be5 Rac8 23. Rc2 Red8 24. dxc5 Rxc5 25. Rxd8+ Bxd8 26. Qe3 Qc8 27. Qd3 h6 28. Bd4 Ra5 29. c5 Nd5 30. Qc4 Bc7 31. Rb2 Qa6 32.
Qc2 Ra4 33. g3 Rc4 34. Qd2 Qa4 35. Kg2 Rb4 36. Rc2 Qc6 37. Qd3 Rb8 38. Re2 Rd8 39. Qe4 Nb4 40. Qg4 g6 41. Bf6 Rb8 42. Qh4 h5 43. Qg5 Bd8 44. Bxd8 Nd3 45. Bf6 Kh7 46. Qe3 Nxc5 47. Kh2 Rc8 48. Ng5+ Kg8 49. Ba1 Nd7 50. Ne4 Qc1 51. Qd4 e5 52. Qxd7 1-0

[Event "Late-Titled-Tuesday-Blitz-October-24-2023"]
[Site "Chess.com"]
[Date "2023.10.24"]
[Round "6"]
[White "meoluoi91"]
[Black "Drags95"]
[Result "0-1"]
[WhiteElo "2595"]
[BlackElo "2846"]
[TimeControl "180+1"]
[EndTime "15:06:54 PDT"]
[Termination "Drags95 won on time"]

1. Nf3 d5 2. g3 g6 3. Bg2 Bg7 4. d4 Nf6 5. O-O c6 6. c4 dxc4 7. Na3 b5 8. Ne5 Nd5 9. Nc2 O-O 10. a4 Bb7 11. e4 Nc7 12. f4 a5 13. Be3 Nd7 14.
Qe1 Nxe5 15. dxe5 b4 16. Nd4 c5 17. Ne2 Ne6 18. Rd1 Qc7 19. Qf2 Ba6 20. f5 Nd4 21. f6 exf6 22. exf6 Nxe2+ 23. Qxe2 Bh8 24. Qf2 c3 25. Rfe1 cxb2 26. Qxb2 c4 27. e5 c3 28. Qf2 Rae8 29. Bc5 b3 30. Bd6 Qc8 31. Qb6 c2 32. Rc1 Bc4 33. Bc6 Rd8 34. Re4 Be6 35. Rd4 Rxd6 36. Rxd6 Qb8 37. Be4 Qxb6+ 38. Rxb6 h5 39. Kf2 Rd8 40. Ke3 Kh7 41. Bd3 Rd5 42. Ke4 Rc5 43. Ke3 Rxe5+ 44. Kf4 Bxf6 45. h4 Rc5 46. Be4 Bg7 0-1

[Event "Late-Titled-Tuesday-Blitz-October-24-2023"]
[Site "Chess.com"]
[Date "2023.10.24"]
[Round "6"]
[White "Tunahan_Makaraci"]
[Black "Cryptochess"]
[Result "0-1"]
[WhiteElo "2432"]
[BlackElo "2620"]
[TimeControl "180+1"]
[EndTime "15:06:55 PDT"]
[Termination "Cryptochess won on time"]

1. e4 c5 2. c3 d5 3. exd5 Qxd5 4. d4 Nc6 5. Nf3 Nf6 6. Be3 Bg4 7. Be2 e6 8. h3 Bh5 9. Nbd2 cxd4 10. cxd4 Bb4 11. O-O O-O 12. a3 Ba5 13. b4 Bc7 14.
Rc1 Rac8 15. Rc5 Qd8 16. Bg5 Bg6 17. Nb3 Bb6 18. Rc1 h6 19. Bh4 Qd6 20. Nc5 Bxc5 21. dxc5 Qxd1 22. Rfxd1 Nd5 23. Bc4 Be4 24. Nd2 Bh7 25.
Nf3 Be4 26. Nd2 Bh7 27. Nb3 Ne5 28.
Bxd5 exd5 29. Rxd5 Nd3 30. Rd1 Nf4 31. Rd7 Rfe8 32. Nd4 a5 33. Bg3 Nd3 34. Nb5 axb4 35. Nd6 Nb2 36. axb4 Nxd1 37. Nxe8 Rxe8 38. Rxd1 Bc2 39.
Rd2 Ba4 40. Rb2 Bb5 41. Kh2 Re4 42. Bd6 g5 43. f3 Re1 44. Kg3 f5 45. h4 Kf7 46.
hxg5 hxg5 47. Ra2 f4+ 48. Kg4 Kg6 49. Kh3 Rh1+ 0-1

[Event "Late-Titled-Tuesday-Blitz-October-24-2023"]
[Site "Chess.com"]
[Date "2023.10.24"]
[Round "6"]
[White "Aygehovit1992"]
[Black "Deeper44"]
[Result "0-1"]
[WhiteElo "2645"]
[BlackElo "2553"]
[TimeControl "180+1"]
[EndTime "15:06:57 PDT"]
[Termination "Deeper44 won on time"]

1. e4 e6 2. d4 d5 3. Nc3 Nf6 4. Bg5 Be7 5. e5 Nfd7 6. h4 Nc6 7. Qg4 f6 8. exf6 Nxf6 9. Bxf6 Bxf6 10. Bb5 O-O 11.
Bxc6 bxc6 12. Qd1 Rb8 13. Rb1 c5 14. dxc5 Rxb2 15. Nge2 Rxb1 16. Qxb1 Ba6 17. Nd1 d4 18. Qb3 Kh8 19. h5 d3 20. cxd3 Bxd3 21. h6 g6 22.
Ne3 c6 23. a3 Qa5+ 24. Qb4 Qa6 25. Nf4 Be5 26. Nxe6 Rb8 27. Qd2 Qxa3 28. Nd1 Rb1 29. Rh3 Bc3 30. Rxd3 Bxd2+ 31. Rxd2 Rb8 32. Ne3 Qa1+ 33.
Ke2 Qe5 34. Nd4 Rd8 35. Nf3 Rxd2+ 36. Nxd2 Qxc5 37. Ne4 Qb5+ 38. Kf3 Qh5+ 39. Ng4 Qf5+ 40. Ke3 Qxg4 41. g3 Qh5 42. f4 Qxh6 43. Kd4 Qg7+ 44. Kc5 Qd7 45. Nf6 Qe7+ 0-1

[Event "Late-Titled-Tuesday-Blitz-October-24-2023"]
[Site "Chess.com"]
[Date "2023.10.24"]
[Round "6"]
[White "IgorBjelobrk"]
[Black "Atanejhad"]
[Result "1-0"]
[WhiteElo "2590"]
[BlackElo "2382"]
[TimeControl "180+1"]
[EndTime "15:06:57 PDT"]
[Termination "IgorBjelobrk won by checkmate"]

1. d4 Nf6 2. c4 g6 3. Nc3 Bg7 4.
Nf3 d6 5. e4 O-O 6. Be2 e5 7.
d5 Nbd7 8. Be3 Nc5 9. Nd2 a5 10. g4 Qe8 11. h4 a4 12. h5 Nfd7 13. h6 Bf6 14. g5 Bd8 15. Rg1 f5 16. f3 c6 17. Qc2 Be7 18. O-O-O Qd8 19. Rg2 f4 20. Bxc5 Nxc5 21. Rdg1 Qa5 22. a3 Bd7 23. Kb1 Rfb8 24.
Na2 Rc8 25. Qd1 Ra6 26. Nb4 Rb6 27. Bf1 Rxb4 28. axb4 Qxb4 29. Ka2 b5 30. Qc2 cxd5 31. exd5 Bf5 32. Qc3 Qxc3 33. bxc3 bxc4 34. Bxc4 Nd3 35. Bxd3 Bxd3 36. Rc1 Bd8 37. Ne4 Bxe4 38. fxe4 Bb6 39.
Ka3 Ra8 40. Rb2 Bc5+ 41. Ka2 a3 42. Rb7 f3 43. Rcb1 f2 44. Rg7+ Kf8 45. Rxh7 Kg8 46. Rg7+ Kh8 47. Rxg6 Rf8 48. Rf6 Rc8 49. g6 Kg8 50. Rf7 Kh8 51. Rbb7 Be3 52. Rh7+ Kg8 53. Rbg7+ Kf8 54. Rh8# 1-0

[Event "Late-Titled-Tuesday-Blitz-October-24-2023"]
[Site "Chess.com"]
[Date "2023.10.24"]
[Round "6"]
[White "familijatop71"]
[Black "gunslinger222"]
[Result "1-0"]
[WhiteElo "2145"]
[BlackElo "2323"]
[TimeControl "180+1"]
[EndTime "15:06:57 PDT"]
[Termination "familijatop71 won on time"]

1. e4 c5 2. c3 Nf6 3. e5 Nd5 4. Nf3 d6 5. d4 cxd4 6. exd6 e6 7. Nxd4 Bxd6 8. g3 O-O 9. Bg2 Nc6 10. O-O a6 11. Nxc6 bxc6 12. c4 Ne7 13. Nc3 Rb8 14. b3 f5 15. f4 Qb6+ 16. Kh1 c5 17. Na4 Qc7 18. Bb2 Bd7 19. Nc3 Bc6 20. Qe2 Bxg2+ 21. Qxg2 Nc6 22. Rad1 Nd4 23. Ne2 Nc2 24. Bc1 Be7 25.
Nc3 Nd4 26. Be3 Bf6 27. Ne2 Nc2 28. Bc1 Rfd8 29. Ng1 Nd4 30. Nf3 a5 31. Nxd4 Bxd4 32. Rfe1 Qb6 33. Bb2 Bxb2 34. Qxb2 Rxd1 35. Rxd1 a4 36.
Qe5 axb3 37. axb3 Qc6+ 38. Kg1 Rxb3 39. Rd8+ Kf7 40. Rd6 Qc8 41. Rd2 Rb1+ 42. Kg2 Rb6 43. Kh3 h6 44. Re2 Rc6 45. Rd2 Qc7 46. Qe3 Kf6 47.
Rd3 Rd6 48. Qe5+ 1-0